 Dungeon Crawl Stone Soup version 0.28.0-55-gcd9437bce4 (webtiles) character file.

Game seed: 5518286221032655234

440 Atelerd the Magician (level 7, -3/43 HPs)
             Began as an Octopode Earth Elementalist on Jan 4, 2023.
             Slain by an ogre
             ... wielding a +0 giant club
              (27 damage)
             ... on level 5 of the Dungeon.
             The game lasted 00:03:50 (3606 turns).

Atelerd the Magician (Octopode Earth Elementalist)  Turns: 3606, Time: 00:03:50

Health: -3/43      AC:  1    Str:  8    XL:     7   Next: 2%
Magic:  4/14       EV: 13    Int: 19    God:
Gold:   171        SH:  5    Dex: 12    Spells: 15/16 levels left

rFire   . . .      SeeInvis .   o - +0 short sword (elec)
rCold   . . .      Faith    .   (no shield)
rNeg    . . .      Spirit   .   (helmet restricted)
rPois   .          Reflect  +   i - amulet of reflection
rElec   .          Harm     .   (no ring)
rCorr   .          Rampage  .   (no ring)
Will    .....                   (no ring)
Stlth   +++.......              (no ring)
HPRegen 0.14/turn               (no ring)
MPRegen 0.14/turn               (no ring)
                                (no ring)
                                (no ring)

@: no status effects
A: almost no armour, amphibious, 8 rings, camouflage 1, gelatinous body 1,
(nimble swimmer 1), tentacles
a: no special abilities


You were on level 5 of the Dungeon.
You visited 1 branch of the dungeon, and saw 5 of its levels.

You collected 171 gold pieces.

Inventory:

Hand Weapons
 o - a +0 short sword of electrocution (weapon)
Missiles
 b - 20 stones
Jewellery
 i - an amulet of reflection (around mantle)
 n - a ring of ice
Scrolls
 c - a scroll of teleportation
 e - a scroll of summoning {unknown}
 f - a scroll of noise {unknown}
 g - a scroll of fear {unknown}
 h - a scroll of immolation {unknown}
 j - a scroll of fog {unknown}
 k - a scroll of magic mapping {unknown}
 l - 2 scrolls of identify {unknown}
 m - a scroll of brand weapon {unknown}
Potions
 a - a potion of attraction


   Skills:
 + Level 1.3 Fighting
 + Level 0.9 Short Blades
 - Level 2.0 Dodging
 - Level 2.6 Stealth
 + Level 0.2 Unarmed Combat
 + Level 5.1 Spellcasting
 + Level 1.0 Transmutations
 + Level 5.1 Earth Magic


You had 15 spell levels left.
You knew the following spells:

 Your Spells              Type           Power      Damage    Failure   Level
a - Sandblast             Erth           48%        2d12      1%          1

Your spell library contained the following spells:

 Spells                   Type           Power      Damage    Failure   Level
 Passwall                 Tmut/Erth      13%        N/A       5%          2
 Shock                    Conj/Air       16%        1d4       12%         1
 Stone Arrow              Conj/Erth      28%        3d8       13%         3
 Petrify                  Tmut/Erth      16%        N/A       34%         4


Dungeon Overview and Level Annotations

Branches:
Dungeon (5/15)
 Temple: D:4-7

Altars:
Trog

Annotations:
D:4 1 transporter


Innate Abilities, Weirdness & Mutations

You cannot wear most types of armour.
You are amphibious.
You can wear up to eight rings at the same time.
Your skin changes colour to match your surroundings (Stealth+).
Your rubbery body absorbs attacks. (AC +1, EV +1)
((You are camouflaged when in or above water. (Stealth+)))
You have tentacles for arms and can constrict up to eight enemies at once.


Message History

Something barely misses you.
Unknown command.
You feel much better. Something hits you. x2
Casting: Sandblast (safe; 1% risk of failure)
Confirm with . or Enter, or press ? or * to list all spells.
Aiming: Sandblast (safe; 1% risk of failure)
Press: ? - help, Shift-Dir - straight line The blast of sand hits something but does no damage.
Something hits you. x2
Unknown command.
Casting: Sandblast (safe; 1% risk of failure)
Confirm with . or Enter, or press ? or * to list all spells.
Aiming: Sandblast (safe; 1% risk of failure)
Press: ? - help, Shift-Dir - straight line The blast of sand hits something!
Something hits you. x2
Casting: Sandblast (safe; 1% risk of failure)
Confirm with . or Enter, or press ? or * to list all spells.
Aiming: Sandblast (safe; 1% risk of failure)
Press: ? - help, Shift-Dir - straight line The blast of sand hits something!
Reactivating autopickup.
You feel a bit more experienced. Something hits you.
Deactivating autopickup; reactivate with Ctrl-A.
An ogre comes into view. It is wielding a +0 giant club.
The ogre is attracted toward you.
You have reached level 7!
Casting: Sandblast (safe; 1% risk of failure)
Confirm with . or Enter, or press ? or * to list all spells.
Aiming: Sandblast (safe; 1% risk of failure)
Press: ? - help, Shift-Dir - straight line The blast of sand hits something.
The ogre shouts!
Something hits you. The ogre is attracted toward you.
Unknown command.
Found a stone staircase leading up.
The ogre is attracted toward you.
There is a stone staircase leading up here.
You feel less attractive to monsters.
The ogre hits you with a +0 giant club!!
Ouch! That really hurt!
You die...

## ##.#......
#.##### #....!#...
###.#...##
#(....#.<.
#........# #....#)##
#.......######)ยง..#
###..##<....##....#.
#{...........>....
##O.##.###.........
#.@###...##.....##.
#..........####.## #
###.#...##.. ..#
###...# . ..# ##..#
..# .... .### ..


You could see an ogre.

Vanquished Creatures
  Sigmund (D:2)
  2 hounds
  Jessica (D:2)
  3 orc wizards (D:5)
  4 adders
  3 worms
  A dart slug (D:2)
  12 orcs
  4 bats
  6 endoplasms
  2 giant cockroaches
  5 goblins
  3 hobgoblins
  2 quokkas (D:2)
  5 ball pythons
  4 frilled lizards
  8 kobolds
  3 rats
69 creatures vanquished.

Vanquished Creatures (others)
  A plant (D:1)
1 creature vanquished.

Grand Total: 70 creatures vanquished

Notes
Turn   | Place    | Note
-------+----------+-------------------------------------------
     0 | D:1      | Atelerd the Octopode Earth Elementalist began the quest for
                  | the Orb.
     0 | D:1      | Reached XP level 1. HP: 11/11 MP: 3/3
   480 | D:1      | Reached XP level 2. HP: 16/17 MP: 1/5
   615 | D:1      | Found a faded altar of an unknown god.
   625 | D:1      | Got Plato's Handbook of Air
  1229 | D:2      | Reached XP level 3. HP: 12/21 MP: 2/7
  1369 | D:2      | Noticed Jessica
  1371 | D:2      | Killed Jessica
  1372 | D:2      | Reached XP level 4. HP: 27/27 MP: 9/9
  2061 | D:2      | Noticed Sigmund
  2070 | D:2      | Killed Sigmund
  2071 | D:2      | Reached XP level 5. HP: 32/32 MP: 2/11
  2071 | D:2      | Reached XP level 6. HP: 37/37 MP: 2/12
  2471 | D:3      | Reached skill level 5 in Earth Magic
  3258 | D:4      | Found a transporter.
  3525 | D:4      | Found a bloodstained altar of Trog.
  3525 | D:4      | Noticed an orc warrior
  3564 | D:5      | Entered Level 5 of the Dungeon
  3575 | D:5      | Reached skill level 1 in Fighting
  3583 | D:5      | Reached skill level 5 in Spellcasting
  3583 | D:5      | HP: 1/38 [something (5)]
  3593 | D:5      | Reached XP level 7. HP: 23/43 MP: 3/14
  3606 | D:5      | Slain by an ogre

Illustrated notes

Levels and vault maps discovered:
D:1:      minmay_arrival_open_corners, layout_basic,
          shapermc_ecumenical_altar_rom_forum, chequers_serial_rivers_room_b
D:2:      layout_loops_ring, mrwooster_statue_mirror, uniq_jessica, uniq_sigmund
D:3:      layout_rooms
D:4:      gammafunk_cloud_chamber, layout_loops_cross,
          nzn_overflow_gifts_of_might_and_magic, fedhas_altar_decomposition,
          serial_glass, glass_columns_a, glass_columns_a,
          nicolae_concentric_dashed_squares_mild, uniq_ijyb, uniq_menkaure,
          uniq_eustachio
D:5:      layout_cave_pools, lemuel_doored_altar, lemuel_round_altar,
          minmay_temple_entry_enclosed_plants, serial_glass, glass_columns_a,
          glass_columns_b, minmay_misc_feat_more_columns

Skill      XL: |  1  2  3  4  5  6 |
---------------+-------------------+-----
Spellcasting   | 3 4 5 |  5.1
Earth Magic    | 4 5 |  5.1
Fighting       | 1 |  1.3
Short Blades   | |  0.9
Dodging        | |  2.0
Stealth        | |  2.6
Unarmed Combat | |  0.2
Transmutations | |  1.0

Action                   |  1- 3 |  4- 6 |  7- 9 || total
-------------------------+-------+-------+-------++-------
Melee: Unarmed           |    11 |       |       ||    11
       Constrict         |     9 |     9 |       ||    18
       Tentacles         |     6 |    10 |       ||    16
       Dagger            |    18 |    33 |       ||    51
       Punch             |     1 |       |       ||     1
       Short sword       |       |     8 |       ||     8
 Cast: Sandblast         |    21 |    71 |     1 ||    93
  Use: Potion            |       |     3 |       ||     3
       Scroll            |       |     1 |       ||     1
 Stab: Sleeping          |     3 |     5 |       ||     8
Armor: Skin              |     5 |     6 |       ||    11
Dodge: Dodged            |    17 |    46 |       ||    63
Block: Other             |       |     3 |       ||     3
